 Dungeon Crawl Stone Soup version 0.19.5 (webtiles) character file.

18271 tof the Basher (level 12, -34/110 HPs)
             Began as a Minotaur Berserker on Mar 9, 2017.
             Was the Champion of Trog.
             Annihilated by a titanic slime creature (71 damage)
             ... on level 12 of the Dungeon.
             The game lasted 00:36:43 (12696 turns).

tof the Basher (Minotaur Berserker)                Turns: 12696, Time: 00:36:44

Health: -34/110    AC: 18    Str: 22    XL:     12   Next: 26%
Magic:  11/11      EV: 15    Int:  8    God:    Trog [******]
Gold:   660        SH:  0    Dex: 18    Spells: 0 memorised, 11 levels left

rFire  . . .     SeeInvis .     n - +5 war axe of Gehenna {drain, *Rage Int+4 Dex+3}
rCold  . . .     Gourm    .     w - +0 chain mail {rPois}
rNeg   . . .     Faith    .     (no shield)
rPois  +         Spirit   .     (helmet restricted)
rElec  .         Reflect  .     J - +0 cloak
rCorr  .         Harm     .     A - +2 pair of gloves
MR     .....     Rnd*Rage +     C - +0 pair of boots
Stlth  ..........               S - amulet of magic regeneration
                                (no ring)
                                j - +2 ring of slaying

@: no status effects
A: retaliatory headbutt, horns 2
a: Berserk, Trog's Hand, Brothers in Arms, Burn Spellbooks, Renounce Religion


You were on level 12 of the Dungeon.
You worshipped Trog.
Trog was exalted by your worship.
You were not hungry.

You visited 1 branch of the dungeon, and saw 12 of its levels.
You also visited: Ice Cave.

You collected 660 gold pieces.

Inventory:

Hand Weapons
 a - a +0 mace
 n - the +5 war axe of Gehenna (weapon) {drain, *Rage Int+4 Dex+3}
   (You found it on level 12 of the Dungeon)

   A truly terrible weapon, it drains the life of those it strikes.
   It affects your intelligence (+4).
   It affects your dexterity (+3).
   It may make you go berserk in combat.
 D - the +5 mace of Suicidal Tendencies {holy, +Rage Int+2 SInv}
   (You found it on level 7 of the Dungeon)

   It has been blessed by the Shining One to cause great damage to the undead
   and demons.
   It affects your intelligence (+2).
   It lets you see invisible.
   It lets you go berserk.
 P - a +4 battleaxe of freezing
Missiles
 p - 8 javelins (quivered)
 M - 6 poisoned javelins
Armour
 o - a +0 chain mail
 u - a +0 scale mail
 v - a +2 leather armour of cold resistance
 w - a +0 chain mail of poison resistance (worn)
 A - a +2 pair of gloves (worn)
 C - a +0 pair of boots (worn)
 J - a +0 cloak (worn)
Jewellery
 j - a +2 ring of slaying (left hand)
 z - an uncursed ring of ice
 S - an amulet of magic regeneration (around neck)
Wands
 r - a wand of digging (17/24)
 y - a wand of lightning (7/15)
 H - a wand of confusion (37/48)
Scrolls
 b - a scroll of fear
 e - 6 scrolls of identify
 f - 3 scrolls of noise
 g - 2 scrolls of enchant weapon
 i - 5 scrolls of remove curse
 q - 4 scrolls of teleportation
 K - 3 scrolls of immolation
 T - a scroll of recharging {unknown}
 U - a scroll of vulnerability {unknown}
Potions
 l - a potion of ambrosia {unknown}
 m - 2 potions of agility
 t - 2 potions of curing
 x - a potion of berserk rage
 B - a potion of brilliance
 E - 2 potions of haste
 N - a potion of cure mutation {unknown}
 R - a potion of resistance
Books
 k - a book of Minor Magic

   Spells                             Type                      Level
   a - Magic Dart                     Conjuration                  1
   b - Blink                          Translocation                2
   c - Call Imp                       Summoning                    2
   d - Repel Missiles                 Charms/Air                   2
   e - Slow                           Hexes                        2
   f - Conjure Flame                  Conjuration/Fire             3
   g - Mephitic Cloud                 Conjuration/Poison/Air       3
   Trog disapproves of the use of such an item.
 s - a book of Frost

   Spells                             Type                      Level
   a - Freeze                         Ice                          1
   b - Throw Frost                    Conjuration/Ice              2
   c - Ozocubu's Armour               Charms/Ice                   3
   d - Throw Icicle                   Conjuration/Ice              4
   e - Summon Ice Beast               Ice/Summoning                4
   Trog disapproves of the use of such an item.
 Q - a book of Maledictions

   Spells                             Type                      Level
   a - Corona                         Hexes                        1
   b - Ensorcelled Hibernation        Hexes/Ice                    2
   c - Confuse                        Hexes                        3
   d - Tukima's Dance                 Hexes                        3
   e - Dazzling Spray                 Conjuration/Hexes            3
   Trog disapproves of the use of such an item.
Miscellaneous
 L - a sack of spiders
Comestibles
 c - 7 bread rations
 d - 5 meat rations
 F - 4 fruits
 G - 9 royal jellies
 I - 2 beef jerkies
 O - a slice of pizza


   Skills:
 + Level 11.4 Fighting
 * Level 4.0(10.5) Axes
 - Level 14.5(14.7) Maces & Flails
 + Level 10.9 Armour
 + Level 10.4 Dodging


You had 11 spell levels left.
You didn't know any spells.

Dungeon Overview and Level Annotations

Branches:
Dungeon (12/15)            Temple (0/1) D:6            Lair (0/6) D:8
    Orc (0/2) D:11

Altars:
Okawaru

Shops:
D:7 !   D:9 !   D:11 *

Annotations:
D:3 blink


Innate Abilities, Weirdness & Mutations

You reflexively headbutt those who attack you in melee.
You have a pair of horns on your head.


Message History

The very large slime creature hits you!!!
Two slime creatures merge to form a titanic slime creature.
You hit the titanic slime creature.
You headbutt the titanic slime creature.
The titanic slime creature is moderately wounded.
You slice the titanic slime creature!!
You headbutt the titanic slime creature!
The titanic slime creature is heavily wounded.
You slash the titanic slime creature!
The titanic slime creature is heavily wounded.
The titanic slime creature hits you but does no damage.
You slash the titanic slime creature! You drain the titanic slime creature!
You headbutt the titanic slime creature!
The titanic slime creature is heavily wounded.
The titanic slime creature hits you!!!
* * * LOW HITPOINT WARNING * * *
Okay, then.
You feel much better. The titanic slime creature hits you!!!
Ouch! That really hurt!
You die...

############## #............#
#............# ###########.##
#§§.^# #######§#### #####
#.....§§§§.# ....###########
#.....§..§.#
###...........#####..........#
###########...@J...........#
#######.....<....#
#..........# #..........#
############


You could see a titanic slime creature.

Vanquished Creatures
  Gastronok (D:12)
  2 hydras
  Fannar (D:10)
  A sixfirhy (D:7)
  An unseen horror (D:12)
  2 ugly things
  2 hill giants
  A cyclops (D:11)
  Joseph (D:7)
  Maurice (D:8)
  3 hornets (D:9)
  A two-headed ogre (D:11)
  2 hippogriffs (D:11)
  Sigmund (D:6)
  2 wraiths
  5 humans (D:9)
  A steam dragon (D:11)
  3 hungry ghosts
  A soldier ant (D:9)
  Duvessa (D:6)
  A water moccasin (D:6)
  5 sky beasts
  2 black bears
  10 orc warriors
  9 ice beasts
  9 ogres
  6 centaurs
  A gnoll sergeant (D:11)
  4 bullfrogs
  Blork the orc (D:6)
  A water moccasin zombie (D:7)
  Dowan (D:6)
  4 scorpions
  A water moccasin skeleton (D:8)
  26 killer bees
  12 howler monkeys
  A bullfrog zombie (D:12)
  6 crimson imps
  A quasit (D:6)
  7 hounds
  2 jellies
  5 orc priests
  2 bullfrog skeletons
  Crazy Yiuf (D:6)
  A centaur skeleton (D:7)
  3 iguanas
  Natasha (twice) (D:4)
  8 orc wizards
  4 worker ants
  A hound zombie (D:4)
  A hound skeleton (D:4)
  A worker ant zombie (D:11)
  12 gnolls
  17 adders
  3 shadow imps
  12 white imps (D:12)
  An ooze (D:7)
  A worm (D:2)
  2 dart slugs
  The ghost of equalderp2856 the Ducker, a weakling FeFi (D:12)
  5 leopard geckos
  45 orcs
  6 bats
  5 giant cockroaches
  4 goblins
  6 hobgoblins
  14 jackals
  7 quokkas
  A ball python (D:4)
  2 frilled lizards
  8 kobolds
  7 rats
331 creatures vanquished.

Notes
Turn   | Place    | Note
-------+----------+-------------------------------------------
     0 | D:1      | tof the Minotaur Berserker began the quest for the Orb.
     0 | D:1      | Reached XP level 1. HP: 19/19 MP: 0/0
   127 | D:1      | Reached XP level 2. HP: 10/27 MP: 1/1
   911 | D:1      | Reached skill level 4 in Maces & Flails
  1204 | D:2      | Reached XP level 3. HP: 33/33 MP: 2/2
  1327 | D:2      | Reached ** piety under Trog
  1925 | D:3      | Reached XP level 4. HP: 40/40 MP: 3/3
  2355 | D:4      | Reached skill level 5 in Maces & Flails
  2472 | D:4      | Reached XP level 5. HP: 47/47 MP: 4/4
  2593 | D:4      | Reached skill level 6 in Maces & Flails
  2593 | D:4      | Reached XP level 6. HP: 47/53 MP: 5/5
  2648 | D:4      | Noticed Natasha
  2653 | D:4      | Killed Natasha
  2891 | D:4      | Noticed Natasha
  2898 | D:4      | Killed Natasha
  2898 | D:4      | Reached *** piety under Trog
  2898 | D:4      | Reached skill level 5 in Fighting
  3262 | D:4      | Found an iron altar of Okawaru.
  3364 | D:5      | Entered Level 5 of the Dungeon
  3383 | D:5      | Noticed an ice beast
  3391 | D:5      | Killed an ice beast
  3391 | D:5      | Reached XP level 7. HP: 56/61 MP: 6/6
  3420 | D:5      | Reached skill level 7 in Maces & Flails
  3576 | D:5      | Reached skill level 5 in Armour
  3949 | D:5      | Reached skill level 8 in Maces & Flails
  3949 | D:5      | Reached XP level 8. HP: 65/70 MP: 7/7
  4191 | D:5      | Received a gift from Trog
  4191 | D:5      | Reached skill level 5 in Dodging
  4404 | D:6      | Noticed Duvessa
  4406 | D:6      | Noticed Dowan
  4428 | D:6      | Killed Duvessa
  4431 | D:6      | Killed Dowan
  4601 | D:6      | Noticed Sigmund
  4608 | D:6      | Killed Sigmund
  4608 | D:6      | Reached skill level 9 in Maces & Flails
  4645 | D:6      | Found a staircase to the Ecumenical Temple.
  4733 | D:6      | Noticed Blork the orc
  4741 | D:6      | Killed Blork the orc
  4909 | D:6      | Reached **** piety under Trog
  5111 | D:6      | Found a runed door.
  5250 | D:6      | Noticed Crazy Yiuf
  5255 | D:6      | Killed Crazy Yiuf
  5543 | D:7      | Reached XP level 9. HP: 59/79 MP: 8/8
  5937 | D:7      | Noticed a sixfirhy
  5938 | D:7      | Found a runed door.
  5958 | D:7      | Found Keudeam's Distillery.
  6023 | D:7      | Got an encrusted mace
  6024 | D:7      | Identified the +5 mace of Suicidal Tendencies {holy, +Rage Int+2 SInv} (You found it on level 7 of the Dungeon)
  6149 | D:7      | Killed a sixfirhy
  6149 | D:7      | Reached skill level 10 in Maces & Flails
  6417 | D:7      | Noticed Joseph
  6435 | D:7      | Killed Joseph
  6435 | D:7      | Reached skill level 11 in Maces & Flails
  7159 | D:8      | Found a staircase to the Lair.
  7229 | D:8      | Reached XP level 10. HP: 89/90 MP: 9/9
  7274 | D:8      | Noticed Maurice
  7285 | D:8      | Killed Maurice
  7932 | D:9      | Reached ***** piety under Trog
  7966 | D:9      | Paralysed by a hornet for 3 turns
  7977 | D:9      | Reached skill level 12 in Maces & Flails
  8659 | D:9      | Found Sox Ceej's Distillery.
  9024 | D:10     | Entered Level 10 of the Dungeon
  9062 | D:10     | Noticed Fannar
  9079 | D:10     | Killed Fannar
  9545 | D:10     | Reached XP level 11. HP: 78/99 MP: 10/10
  9664 | D:10     | Noticed a hill giant
  9668 | D:10     | Killed a hill giant
  9668 | D:10     | Reached skill level 13 in Maces & Flails
 10049 | D:11     | Noticed a hill giant
 10057 | D:11     | Killed a hill giant
 10057 | D:11     | Reached skill level 10 in Fighting
 10249 | D:11     | Received a gift from Trog
 10272 | D:11     | Found Syelow's Assorted Antiques.
 10709 | D:11     | Noticed a brown ugly thing
 10721 | D:11     | Killed a brown ugly thing
 10721 | D:11     | Reached skill level 10 in Armour
 11129 | D:11     | Found a staircase to the Orcish Mines.
 11159 | D:11     | Noticed a five-headed hydra
 11171 | D:11     | Killed a five-headed hydra
 11171 | D:11     | Reached skill level 14 in Maces & Flails
 11773 | D:12     | Noticed a four-headed hydra
 11784 | D:12     | Killed a four-headed hydra
 11791 | D:12     | Found a frozen archway.
 11832 | D:12     | Got a shimmering war axe
 11845 | D:12     | Reached skill level 10 in Dodging
 11879 | IceCv    | Entered an ice cave
 11879 | IceCv    | Noticed a white ugly thing
 11887 | IceCv    | Killed a white ugly thing
 11899 | IceCv    | Gained mutation: You are clumsy. (Dex -2) [mutagenic meat]
 11900 | IceCv    | Lost mutation: You are clumsy. (Dex -2) [mutagenic meat]
 12075 | IceCv    | Identified the +5 war axe of Gehenna {drain, *Rage Int+4 Dex+3} (You found it on level 12 of the Dungeon)
 12174 | D:12     | Noticed Gastronok
 12182 | D:12     | Killed Gastronok
 12182 | D:12     | Reached XP level 12. HP: 110/110 MP: 11/11
 12225 | D:12     | Noticed equalderp2856's ghost (weakling FeFi)
 12233 | D:12     | Killed equalderp2856's ghost
 12242 | D:12     | Reached ****** piety under Trog
 12298 | D:12     | Received a gift from Trog
 12696 | D:12     | Annihilated by a titanic slime creature

Skill      XL: |  1  2  3  4  5  6  7  8  9 10 11 12 |
---------------+-------------------------------------+-----
Fighting       | 4 5 6 7 8 9 11 | 11.4
Maces & Flails | 4 5 6 8 9 11 12 14 | 14.5
Armour         | 3 4 5 6 7 9 10 | 10.9
Dodging        | 3 4 6 7 8 10 | 10.4
Axes           | 2 4 |  4.0

Action                   |  1- 3 |  4- 6 |  7- 9 | 10-12 || total
-------------------------+-------+-------+-------+-------++-------
Melee: Mace              |    92 |    99 |   213 |   369 ||   773
       Headbutt          |    14 |    21 |    46 |   107 ||   188
       War axe           |       |       |       |    77 ||    77
Throw: Javelin           |       |       |    14 |       ||    14
Invok: Berserk           |       |       |     4 |     3 ||     7
  Use: Potion            |     5 |     4 |     1 |     5 ||    15
       Scroll            |       |     2 |     1 |    10 ||    13
  Eat: Chunk             |     3 |     5 |    13 |    20 ||    41
       Fruit             |       |       |     2 |       ||     2
       Bread ration      |       |       |     1 |       ||     1
       Beef jerky        |       |       |       |     2 ||     2
Armor: Animal skin       |    11 |       |       |       ||    11
       Leather armour    |     2 |       |    25 |   107 ||   134
       Chain mail        |    10 |    50 |    49 |    13 ||   122
       Ring mail         |     7 |       |       |       ||     7
Dodge: Dodged            |    57 |    34 |   137 |   312 ||   540
